AA - U28
ALEXANDRIA ACES @ MIDLAND ROCKHOUNDS
08/10/2052
 
TOP OF THE 1ST
Biloxi Shuckers batting - Pitching for Rocket City Trash Pandas : RHP Manuel Huizar
Pitching: RHP Manuel Huizar
Batting: LHB Douggie Mattson 0-0: Ball
1-0: Ball
2-0: Foul Ball, location: 2F
2-1: Ball
3-1: Foul Ball, location: 2F
3-2: Fly out, F6 (Flyball, 5D, EV 93.1 MPH)
Batting: SHB Kelly Schick 0-0: Foul Ball, location: 2F
0-1: Called Strike
0-2: Strikes out swinging
Batting: LHB Dawlyn Molina 0-0: Ground out 4-3 (Groundball, 4, EV 101.9 MPH)
Top of the 1st over - 0 runs, 0 hits, 0 errors, 0 left on base; Biloxi 0 - Rocket City 0
BOTTOM OF THE 1ST
Rocket City Trash Pandas batting - Pitching for Biloxi Shuckers : LHP Jacob Houston
Pitching: LHP Jacob Houston
Batting: LHB Eric Watkins 0-0: Called Strike
0-1: Ball
1-1: Ball
2-1: Swinging Strike
2-2: Foul Ball, location: 2F
2-2: Strikes out swinging
Batting: RHB Gustavo Lopez 0-0: Swinging Strike
0-1: Ball
1-1: Ball
2-1: Fly out, F8 (Flyball, 89D, EV 110.0 MPH)
Batting: RHB Sean Watson 0-0: Ball
1-0: Ball
2-0: Ball
3-0: Called Strike
3-1: Base on Balls
Batting: RHB Schuyler Trbovich 0-0: Foul Ball, location: 2F
0-1: Ball
1-1: Swinging Strike
1-2: Foul Ball, location: 2F
1-2: Ball
2-2: Strikes out looking
Bottom of the 1st over - 0 runs, 0 hits, 0 errors, 1 left on base; Biloxi 0 - Rocket City 0
TOP OF THE 2ND
Biloxi Shuckers batting - Pitching for Rocket City Trash Pandas : RHP Manuel Huizar
Batting: RHB Elvin Sandoval 0-0: Fly out, F8 (Flyball, 8LM, EV 88.8 MPH)
Batting: RHB Giovanni Morgan 0-0: SINGLE (Line Drive, 89M, EV 110.0 MPH)
Batting: LHB B.J. Barth 0-0: Ball
1-0: Foul Ball, location: 2F
1-1: Ball
2-1: Ball
3-1: Foul Ball, location: 2F
3-2: Base on Balls
Giovanni Morgan to second
Batting: SHB Olen Akimoto 0-0: Ball
Giovanni Morgan steals 3rd base (no throw)
1-0: Foul Ball, location: 2F
1-1: Grounds into double play, 4-6-3 (Groundball, 4, EV 86.9 MPH)
Top of the 2nd over - 0 runs, 1 hit, 0 errors, 1 left on base; Biloxi 0 - Rocket City 0
BOTTOM OF THE 2ND
Rocket City Trash Pandas batting - Pitching for Biloxi Shuckers : LHP Jacob Houston
Batting: SHB William Wallis 0-0: Ball
1-0: Ball
2-0: Ball
3-0: Called Strike
3-1: Called Strike
3-2: Strikes out looking
Batting: RHB R.J. Dean 0-0: Called Strike
0-1: Swinging Strike
0-2: Strikes out swinging
Batting: SHB Jonah Ruiz-Reyes 0-0: Ball
1-0: Ball
2-0: Ball
3-0: Base on Balls
Batting: RHB Andres Miranda 0-0: Ball
1-0: Foul Ball, location: 2F
1-1: Foul Ball, location: 2F
1-2: Foul Ball, location: 2F
1-2: Foul Ball, location: 2F
1-2: Ball
2-2: Ball
3-2: Foul Ball, location: 2F
3-2: Foul Ball, location: 2F
3-2: Strikes out looking
Bottom of the 2nd over - 0 runs, 0 hits, 0 errors, 1 left on base; Biloxi 0 - Rocket City 0
TOP OF THE 3RD
Biloxi Shuckers batting - Pitching for Rocket City Trash Pandas : RHP Manuel Huizar
Batting: RHB Jon Singwee 0-0: Fly out, F8 (Flyball, 89M, EV 91.2 MPH)
Batting: RHB Darrel Gunter 0-0: Fly out, F9 (Flyball, 9LS, EV 76.9 MPH)
Batting: LHB Douggie Mattson 0-0: Ball
1-0: Ball
2-0: Called Strike
2-1: Ball
3-1: Base on Balls
Batting: SHB Kelly Schick 0-0: Called Strike
0-1: Called Strike
0-2: Ball
1-2: Ball
2-2: Strikes out looking
Top of the 3rd over - 0 runs, 0 hits, 0 errors, 1 left on base; Biloxi 0 - Rocket City 0
BOTTOM OF THE 3RD
Rocket City Trash Pandas batting - Pitching for Biloxi Shuckers : LHP Jacob Houston
Batting: RHB Matt Raymond 0-0: Called Strike
0-1: Ball
1-1: Ball
2-1: Ground out 3-1 (Groundball, 34S, EV 86.2 MPH)
Batting: LHB Eric Watkins 0-0: Called Strike
0-1: Ball
1-1: Ground out 5-3 (Groundball, 56, EV 90.0 MPH)
Batting: RHB Gustavo Lopez 0-0: Ball
1-0: Ball
2-0: Fly out, F8 (Flyball, 8LS, EV 84.4 MPH)
Bottom of the 3rd over - 0 runs, 0 hits, 0 errors, 0 left on base; Biloxi 0 - Rocket City 0
TOP OF THE 4TH
Biloxi Shuckers batting - Pitching for Rocket City Trash Pandas : RHP Manuel Huizar
Batting: LHB Dawlyn Molina 0-0: Fly out, F6 (Flyball, 56D, EV 89.4 MPH)
Batting: RHB Elvin Sandoval 0-0: Foul Ball, location: 2F
0-1: Swinging Strike
0-2: Ball
1-2: Strikes out swinging
Batting: RHB Giovanni Morgan 0-0: Ball
1-0: Foul Ball, location: 2F
1-1: SINGLE (Groundball, 56D, EV 102.5 MPH)
Batting: LHB B.J. Barth 0-0: Called Strike
0-1: Ball
1-1: Ball
2-1: Ball
3-1: Base on Balls
Giovanni Morgan to second
Batting: SHB Olen Akimoto 0-0: Ball
1-0: Foul Ball, location: 2F
1-1: Swinging Strike
1-2: Fly out, F9 (Flyball, 9S, EV 90.0 MPH)
Top of the 4th over - 0 runs, 1 hit, 0 errors, 2 left on base; Biloxi 0 - Rocket City 0
BOTTOM OF THE 4TH
Rocket City Trash Pandas batting - Pitching for Biloxi Shuckers : LHP Jacob Houston
Batting: RHB Sean Watson 0-0: Ball
1-0: Ball
2-0: Ball
3-0: Base on Balls
Batting: RHB Schuyler Trbovich 0-0: Ball
1-0: Ball
2-0: Foul Ball, location: 2F
2-1: Foul Ball, location: 2F
2-2: Foul Ball, location: 2F
2-2: Ball
3-2: Fly out, F4 (Popup, 34, EV 54.4 MPH)
Batting: SHB William Wallis 0-0: Ball
1-0: Ball
2-0: Ball
3-0: Called Strike
3-1: Base on Balls
Sean Watson to second
Batting: RHB R.J. Dean 0-0: Swinging Strike
0-1: Ball
1-1: Foul Ball, location: 2F
1-2: Ball
2-2: Ball
3-2: Fielders Choice at 2nd, 6-4 (Groundball, 56, EV 101.9 MPH)
Sean Watson to third
Batting: SHB Jonah Ruiz-Reyes 0-0: Ball
1-0: Ball
2-0: Ball
3-0: Base on Balls
R.J. Dean to second
Batting: RHB Andres Miranda 0-0: Swinging Strike
0-1: Swinging Strike
0-2: Ball
1-2: Ball
2-2: Foul Ball, location: 2F
2-2: Ball
Wild Pitch!
Sean Watson scores
R.J. Dean to third
Jonah Ruiz-Reyes to second
3-2: 3-RUN HOME RUN (Flyball, 78XD, EV 101.2 MPH), Distance : 404 ft
Batting: RHB Matt Raymond 0-0: Fly out, F7 (Line Drive, 7S, EV 103.8 MPH)
Bottom of the 4th over - 4 runs, 1 hit, 0 errors, 0 left on base; Biloxi 0 - Rocket City 4
TOP OF THE 5TH
Biloxi Shuckers batting - Pitching for Rocket City Trash Pandas : RHP Manuel Huizar
Batting: RHB Jon Singwee 0-0: Fly out, F7 (Flyball, 78M, EV 85.6 MPH)
Batting: RHB Darrel Gunter 0-0: Ball
1-0: Ball
2-0: Ground out 4-3 (Groundball, 4, EV 101.9 MPH)
Batting: LHB Douggie Mattson 0-0: Ground out U3 (Groundball, 3, EV 88.1 MPH)
Top of the 5th over - 0 runs, 0 hits, 0 errors, 0 left on base; Biloxi 0 - Rocket City 4
BOTTOM OF THE 5TH
Rocket City Trash Pandas batting - Pitching for Biloxi Shuckers : LHP Jacob Houston
Batting: LHB Eric Watkins 0-0: Ball
1-0: Fly out, F8 (Flyball, 8RM, EV 89.4 MPH)
Batting: RHB Gustavo Lopez 0-0: Foul Ball, location: 2F
0-1: Swinging Strike
0-2: Ground out 5-3 (Groundball, 56, EV 81.2 MPH)
Batting: RHB Sean Watson 0-0: Foul Ball, location: 2F
0-1: Called Strike
0-2: Strikes out looking
Bottom of the 5th over - 0 runs, 0 hits, 0 errors, 0 left on base; Biloxi 0 - Rocket City 4
TOP OF THE 6TH
Biloxi Shuckers batting - Pitching for Rocket City Trash Pandas : RHP Manuel Huizar
Batting: SHB Kelly Schick 0-0: Swinging Strike
0-1: Foul Ball, location: 2F
0-2: Ball
1-2: Ground out 4-3 (Groundball, 4, EV 84.4 MPH)
Batting: LHB Dawlyn Molina 0-0: Ball
1-0: Ball
2-0: Ball
3-0: Called Strike
3-1: Foul Ball, location: 2F
3-2: Fly out, F4 (Line Drive, 4, EV 63.1 MPH)
Batting: RHB Elvin Sandoval 0-0: SINGLE (Flyball, 34D, EV 96.2 MPH)
Batting: RHB Giovanni Morgan 0-0: Ball
Elvin Sandoval steals 2nd base
1-0: Ball
2-0: Called Strike
2-1: TRIPLE (Flyball, 9LD, EV 105.6 MPH)
Elvin Sandoval scores
Batting: LHB B.J. Barth 0-0: Ball
1-0: Called Strike
1-1: Foul Ball, location: 2F
1-2: Strikes out swinging
Top of the 6th over - 1 run, 2 hits, 0 errors, 1 left on base; Biloxi 1 - Rocket City 4
BOTTOM OF THE 6TH
Rocket City Trash Pandas batting - Pitching for Biloxi Shuckers : LHP Jacob Houston
Pitching: RHP Fred Jackson
Batting: RHB Schuyler Trbovich 0-0: Called Strike
0-1: Foul Ball, location: 2F
0-2: Foul Ball, location: 2F
0-2: Foul Ball, location: 2F
0-2: Strikes out swinging
Batting: SHB William Wallis 0-0: Ball
1-0: Foul Ball, location: 2F
1-1: Foul Ball, location: 2F
1-2: Foul Ball, location: 2F
1-2: SINGLE (Groundball, 34D, EV 110.6 MPH)
Batting: RHB R.J. Dean 0-0: Ball
1-0: Called Strike
1-1: Called Strike
1-2: 2-RUN HOME RUN (Flyball, 78XD, EV 105.0 MPH), Distance : 401 ft
Batting: SHB Jonah Ruiz-Reyes 0-0: Ball
1-0: DOUBLE (Line Drive, 78M, EV 114.4 MPH)
Batting: RHB Andres Miranda 0-0: Ground out 6-3 (Groundball, 6, EV 99.4 MPH)
Batting: RHB Matt Raymond 0-0: Called Strike
0-1: Foul Ball, location: 2F
0-2: Fly out, F7 (Flyball, 78S, EV 84.4 MPH)
Bottom of the 6th over - 2 runs, 3 hits, 0 errors, 1 left on base; Biloxi 1 - Rocket City 6
TOP OF THE 7TH
Biloxi Shuckers batting - Pitching for Rocket City Trash Pandas : RHP Manuel Huizar
Batting: SHB Olen Akimoto 0-0: SOLO HOME RUN (Flyball, 9LD, EV 95.0 MPH), Distance : 340 ft
Pinch Hitting: SHB Wyatt Gehrke 0-0: Ball
1-0: Foul Ball, location: 2F
1-1: SINGLE (Groundball, 56D, EV 105.6 MPH)
Pitching: RHP Javier Sanchez
Batting: RHB Darrel Gunter 0-0: Ball
1-0: Foul Ball, location: 2F
1-1: Ball
2-1: Foul Ball, location: 2F
2-2: Fly out, F8 (Flyball, 8RXD, EV 97.5 MPH)
Batting: LHB Douggie Mattson 0-0: Fielders Choice at 2nd, 6-4 (Groundball, 56D, EV 85.6 MPH)
Batting: SHB Kelly Schick 0-0: Ball
1-0: Ball
2-0: Called Strike
2-1: Ball
3-1: Base on Balls
Douggie Mattson to second
Batting: LHB Dawlyn Molina 0-0: Ball
1-0: DOUBLE (Line Drive, 9LM, EV 101.2 MPH)
Douggie Mattson scores
Kelly Schick to third
Runner from 3rd tries for Home, SAFE, no throw by RF
Batting: RHB Elvin Sandoval 0-0: Called Strike
0-1: Foul Ball, location: 2F
0-2: Ball
1-2: Ball
2-2: Fly out, F9 (Flyball, 9LM, EV 91.2 MPH)
Top of the 7th over - 3 runs, 3 hits, 0 errors, 1 left on base; Biloxi 4 - Rocket City 6
BOTTOM OF THE 7TH
Rocket City Trash Pandas batting - Pitching for Biloxi Shuckers : RHP Fred Jackson
Now at 3B: Damian Estabrook
Batting: LHB Eric Watkins 0-0: Called Strike
0-1: Called Strike
0-2: Strikes out swinging
Batting: RHB Gustavo Lopez 0-0: Called Strike
0-1: Foul Ball, location: 2F
0-2: Strikes out looking
Batting: RHB Sean Watson 0-0: Called Strike
0-1: Ball
1-1: Ball
2-1: Foul Ball, location: 2F
2-2: SINGLE (Groundball, 6D, EV 104.4 MPH)
Batting: RHB Schuyler Trbovich 0-0: Ground out 5-3 (Groundball, 56S, EV 85.0 MPH)
Bottom of the 7th over - 0 runs, 1 hit, 0 errors, 1 left on base; Biloxi 4 - Rocket City 6
TOP OF THE 8TH
Biloxi Shuckers batting - Pitching for Rocket City Trash Pandas : RHP Javier Sanchez
Batting: RHB Giovanni Morgan 0-0: Called Strike
0-1: Foul Ball, location: 2F
0-2: Ball
1-2: Ball
2-2: Fly out, F9 (Line Drive, 9, EV 93.8 MPH)
Batting: LHB B.J. Barth 0-0: Ball
1-0: Ball
2-0: Foul Ball, location: 2F
2-1: Swinging Strike
2-2: Strikes out swinging
Batting: SHB Olen Akimoto 0-0: Ball
1-0: Ground out 6-3 (Groundball, 6, EV 108.8 MPH)
Top of the 8th over - 0 runs, 0 hits, 0 errors, 0 left on base; Biloxi 4 - Rocket City 6
BOTTOM OF THE 8TH
Rocket City Trash Pandas batting - Pitching for Biloxi Shuckers : RHP Fred Jackson
Batting: SHB William Wallis 0-0: Called Strike
0-1: Ball
1-1: Foul Ball, location: 2F
1-2: Ball
2-2: Ball
3-2: Strikes out looking
Batting: RHB R.J. Dean 0-0: Ground out 5-3 (Groundball, 5, EV 82.5 MPH)
Batting: SHB Jonah Ruiz-Reyes 0-0: Foul Ball, location: 2F
0-1: Foul Ball, location: 2F
0-2: Foul Ball, location: 2F
0-2: Ball
1-2: Ball
2-2: Strikes out swinging
Bottom of the 8th over - 0 runs, 0 hits, 0 errors, 0 left on base; Biloxi 4 - Rocket City 6
TOP OF THE 9TH
Biloxi Shuckers batting - Pitching for Rocket City Trash Pandas : RHP Javier Sanchez
Pitching: RHP T.J. Rueben
Batting: RHB Damian Estabrook 0-0: Ball
1-0: Ground out 5-3 (Groundball, 56S, EV 75.0 MPH)
Pinch Hitting: LHB Patrick Jedin 0-0: Fly out, F9 (Flyball, 89M, EV 81.9 MPH)
Batting: LHB Douggie Mattson 0-0: Foul Ball, location: 2F
0-1: Foul Ball, location: 2F
0-2: Ball
1-2: Ground out U3 (Groundball, 34, EV 89.4 MPH)
Top of the 9th over - 0 runs, 0 hits, 0 errors, 0 left on base; Biloxi 4 - Rocket City 6
Thursday, May 2nd , 2024 - OOTP Baseball 24.11 Build 85